[Event "Team 45 45 League T25"]
[Site "Internet Chess Club"]
[Date "2004.12.12"]
[Round "1"]
[White "Midwest-Rook"]
[Black "bubbarook"]
[Result "1-0"]
[WhiteElo "1245"]
[BlackElo "1317"]
[TimeControl "2700+45"]

1. e4 c6 2. d4 d5 3. Nc3 e6 4. e5 c5 5. Nf3 Nd7 6. Be3 c4 7. b3 Bb4 8. Bd2 Qa5
9. Na4 Bxd2+ 10. Qxd2 Qc3 11. Qxc3 b5 12. Nb2 f6 13. bxc4 bxc4 14. exf6 Ngxf6
15. Ne5 Ne4 16. Qf3 Ndf6 17. h3 Rb8 18. Nd1 O-O 19. Nc3 Nd7 20. Qe3 Ndf6 21. f3
Ng3 22. Rh2 Rb2 23. Qf2 Nfh5 24. Rb1 Rxb1+ 25. Nxb1 Ne4 26. Qe3 Nhg3 27. Nd2
Nxd2 28. Qxd2 Ba6 29. Qa5 Rb8 30. Qxa6 c3 31. Qxe6+ Kf8 32. Qf7# {Black
checkmated} 1-0

[Event "Team 45 45 League T25"]
[Site "Internet Chess Club"]
[Date "2004.12.11"]
[Round "1"]
[White "houseofcook"]
[Black "wojozim"]
[Result "1/2-1/2"]
[WhiteElo "1302"]
[BlackElo "1338"]
[TimeControl "2700+45"]

1. Nf3 Nf6 2. g3 d6 3. Bg2 g6 4. O-O Bg7 5. d3 O-O 6. Nbd2 Nc6 7. e4 Bg4 8. h3
Bxf3 9. Nxf3 e5 10. Be3 h6 11. c3 Qe7 12. Qc2 b5 13. d4 Nd7 14. d5 Na5 15. b3
Nb6 16. Qd2 Nb7 17. Bxh6 f6 18. Nh4 Qf7 19. Bxg7 Kxg7 20. g4 Rh8 21. Nf3 Rag8
22. Nh2 Nd7 23. f4 Kf8 24. g5 f5 25. Rae1 Ke8 26. Qf2 Nbc5 27. Re3 Nxe4 28. Bxe4
fxe4 29. Rxe4 Rxh3 30. Qxa7 Qxd5 31. Re3 Rxh2 32. Kxh2 Rh8+ 33. Rh3 Rxh3+ 34.
Kxh3 Qd3+ 35. Kg2 Qe2+ 36. Qf2 Qe4+ 37. Qf3 Qxf3+ 38. Rxf3 exf4 39. Rxf4 c5 40.
Re4+ Ne5 41. c4 b4 42. Re3 Kf7 43. Rg3 Ke6 44. Kf2 Kf5 45. Kg2 Kf4 46. Kh3 Nf7
47. Rg4+ Kf5 48. Kh4 Ne5 49. Rg2 Nf3+ 50. Kg3 Nxg5 51. Rf2+ Ke5 52. Re2+ Ne4+
53. Kf3 {Game drawn by mutual agreement} 1/2-1/2

[Event "Team 45 45 League T25"]
[Site "Internet Chess Club"]
[Date "2004.12.12"]
[Round "1"]
[White "markev"]
[Black "Prop"]
[Result "0-1"]
[WhiteElo "1275"]
[BlackElo "1275"]
[TimeControl "2700+45"]

1. d4 Nc6 2. c4 e6 3. Nc3 Nf6 4. a3 d5 5. e3 b6 6. Nf3 Ba6 7. Qa4 Qd7 8. Qxa6
Na5 9. cxd5 exd5 10. Bb5 c6 11. Ne5 Qe6 12. Nxc6 Nxc6 13. Qb7 Rc8 14. Ne2 Be7
15. Nf4 Qd7 16. Qa6 O-O 17. O-O Rc7 18. Bd2 Ne4 19. Bc1 Qd6 20. Qa4 Rfc8 21. f3
Ng5 22. Bd2 Ne6 23. Qb3 Nxf4 24. exf4 Nxd4 25. Qa4 Nxb5 26. Qxb5 Qc5+ 27. Qxc5
Rxc5 28. Kh1 h6 29. Rfe1 Bf6 30. Rab1 Rc2 31. Bc1 Bd4 32. h3 Bf2 33. Rd1 d4 34.
Rd2 Rxc1+ 35. Rxc1 Rxc1+ 36. Kh2 Be3 37. Rd3 Bxf4+ 38. g3 Rc2+ 39. Kh1 Be3 40.
g4 Rd2 41. Rxd2 Bxd2 42. Kg1 Bc1 43. Kf1 Bxb2 44. a4 a6 45. Ke2 b5 46. axb5 axb5
47. Kd3 Bc3 48. Kc2 g5 49. Kd3 Kg7 50. Kc2 Kg6 51. Kd3 f5 52. Kc2 fxg4 53. hxg4
h5 54. gxh5+ Kxh5 55. Kd3 Kh4 56. Ke2 Kg3 {White resigns} 0-1

[Event "Team 45 45 League T25"]
[Site "Internet Chess Club"]
[Date "2004.12.08"]
[Round "1"]
[White "jerry813"]
[Black "rpgrossman"]
[Result "1-0"]
[WhiteElo "1218"]
[BlackElo "1072"]
[TimeControl "2700+45"]

1. f4 Nf6 2. Nf3 g6 3. Nc3 Bg7 4. e4 d6 5. d4 c6 6. e5 dxe5 7. dxe5 Qxd1+ 8.
Nxd1 Ne4 9. Bd3 Nc5 10. Bc4 O-O 11. O-O Be6 12. Bxe6 Nxe6 13. Ne3 Nxf4 14. Re1
Nd7 15. Nc4 b5 16. Na5 Nxe5 17. Nxe5 Rad8 18. Nexc6 Ne2+ 19. Kf2 Bd4+ 20. Kxe2
Rd6 21. Bf4 Re6+ 22. Kf3 Rxe1 23. Rxe1 Bxb2 24. Nxe7+ Kg7 25. Be5+ Bxe5 26. Rxe5
Re8 27. Nac6 f6 28. Rxb5 a6 29. Rb7 Kh6 30. c4 f5 31. Rb8 Rxb8 32. Nxb8 Kg7 33.
c5 Kf7 34. Nd5 Ke6 35. Nb6 Ke7 36. Kf4 Kd8 37. Nxa6 Ke7 38. c6 {Black resigns}
1-0

[Event "Team 45 45 League T25"]
[Site "Internet Chess Club"]
[Date "2004.12.13"]
[Round "1"]
[White "chesskix"]
[Black "SilverKnight"]
[Result "1-0"]
[WhiteElo "1507"]
[BlackElo "1324"]
[TimeControl "2700+45"]

1. c4 Nf6 2. Nc3 g6 3. g3 Bg7 4. Bg2 O-O 5. Nf3 d6 6. O-O e5 7. d3 c6 8. Bg5 h6
9. Bd2 a5 10. a4 Nbd7 11. Rb1 Re8 12. Qc1 Nc5 13. b3 e4 14. dxe4 Nfxe4 15. Nxe4
Nxe4 16. Bxh6 Nc3 17. Rb2 Nxe2+ 18. Rxe2 Rxe2 19. Bxg7 Kxg7 20. Nd4 Re5 21. Qa1
Qf6 22. Nf3 Rh5 23. h4 Qxa1 24. Rxa1 Bg4 25. Nd4 Re8 26. f3 Bd7 27. f4 Re3 28.
Kf2 Rd3 29. Bf3 Rh8 30. Rd1 Rxb3 31. Nxb3 Re8 32. Rxd6 Be6 33. Nxa5 b6 34. Nxc6
Bxc4 35. Ne5 Rb8 36. Nxc4 {Black resigns} 1-0

[Event "Team 45 45 League T25"]
[Site "Internet Chess Club"]
[Date "2004.12.12"]
[Round "1"]
[White "fuzzface"]
[Black "WannaB"]
[Result "1-0"]
[WhiteElo "1336"]
[BlackElo "1138"]
[TimeControl "2700+45"]

1. e4 c5 2. c4 Nc6 3. Nf3 d6 4. h3 Nf6 5. d3 e5 6. Bg5 Be7 7. Nc3 a6 8. Bxf6
Bxf6 9. Nd5 Nd4 10. Nxd4 exd4 11. Nxf6+ Qxf6 12. Qf3 Qxf3 13. gxf3 O-O 14. Bg2
b6 15. O-O Be6 16. b3 b5 17. a3 bxc4 18. bxc4 Rab8 19. Rfb1 Rxb1+ 20. Rxb1 f5
21. Rb6 fxe4 22. fxe4 Kf7 23. Rxd6 a5 24. Ra6 Rb8 25. Rxa5 Rb1+ 26. Kh2 Rb3 27.
Bf1 Rb2 28. Kg2 Rb3 29. Rxc5 Rxa3 30. Rc7+ Kf6 31. Rc6 Ra8 32. f4 Ra2+ 33. Kf3
g6 34. Rd6 Ra1 35. Bg2 Ra5 36. Rxd4 Rh5 37. Rd6 Ke7 38. Ra6 Bxh3 39. Bxh3 Rxh3+
40. Ke2 Rh2+ 41. Ke3 Rh3+ 42. Kd4 Rf3 43. Ra7+ Kf6 44. Rxh7 Rxf4 45. Rh1 Rg4 46.
c5 Rg2 47. Rf1+ Ke6 48. Rc1 Rf2 49. c6 Rf1 50. Rc3 Kd6 51. c7 Rf8 52. c8=Q Rxc8
53. Rxc8 {Black resigns} 1-0

[Event "Team 45 45 League T25"]
[Site "Internet Chess Club"]
[Date "2004.12.12"]
[Round "1"]
[White "Dalcon"]
[Black "klt713"]
[Result "1/2-1/2"]
[WhiteElo "1174"]
[BlackElo "1231"]
[TimeControl "2700+45"]

1. e4 c5 2. Bc4 e6 3. Nf3 Nc6 4. c3 Bd6 5. d4 cxd4 6. cxd4 a6 7. Bd2 b5 8. Bb3
Bb7 9. e5 Bb4 10. O-O Bxd2 11. Qxd2 Qb6 12. Re1 Nge7 13. Bc2 h6 14. b4 Nd5 15.
Be4 Rc8 16. Nc3 Nxc3 17. Qxc3 Nxe5 18. Qd2 Nxf3+ 19. Bxf3 Bxf3 20. gxf3 O-O 21.
Qd3 Qb7 22. Rac1 f5 23. a3 Rc7 24. Rc2 Rfc8 25. Rec1 Rxc2 26. Rxc2 Rxc2 27. Qxc2
Qxf3 28. Qc8+ Kh7 29. Qxd7 Qg4+ 30. Kf1 Qg6 31. d5 f4 32. dxe6 f3 33. Ke1 Qe4+
34. Kd2 Qe2+ 35. Kc3 Qc4+ 36. Kd2 Qe2+ 37. Kc3 Qc4+ 38. Kd2 Qe2+ 39. Kc3 Qc4+
{Game drawn by repetition} 1/2-1/2

[Event "Team 45 45 League T25"]
[Site "Internet Chess Club"]
[Date "2004.12.14"]
[Round "1"]
[White "Rojo"]
[Black "GLuft"]
[Result "0-1"]
[WhiteElo "1148"]
[BlackElo "1028"]
[TimeControl "2700+45"]

1. e4 e6 2. d4 d5 3. e5 c5 4. c3 Nc6 5. Nf3 Bd7 6. Bb5 Qc7 7. Bg5 f6 8. Bf4 Qa5
9. Be2 Qb6 10. Qb3 cxd4 11. Qxb6 axb6 12. cxd4 fxe5 13. Nxe5 Bb4+ 14. Nc3 Nxd4
15. O-O Nxe2+ 16. Nxe2 Bb5 17. Nd4 Bxf1 18. Kxf1 Rc8 19. Nxe6 Bf8 20. Rd1 Nf6
21. Nd4 Be7 22. b3 Ne4 23. Ne6 Bf6 24. Rxd5 h6 25. Rd7 g5 26. Rxb7 gxf4 27. Rxb6
Rc1+ {White resigns} 0-1

[Event "Team 45 45 League T25"]
[Site "Internet Chess Club"]
[Date "2004.12.17"]
[Round "1"]
[White "Lizaveta"]
[Black "mrmarck"]
[Result "1/2-1/2"]
[WhiteElo "1363"]
[BlackElo "1360"]
[TimeControl "2700+45"]

1. e4 c5 2. Nf3 Nc6 3. d4 cxd4 4. Nxd4 Nf6 5. Nc3 e6 6. Bg5 Be7 7. Ndb5 O-O 8.
Nd6 Qa5 9. Bxf6 Bxf6 10. Qd3 Ne5 11. Qd2 Qb6 12. Na4 Qd8 13. Be2 a6 14. O-O b5
15. Nc5 Qc7 16. Nb3 Nc4 17. Nxc4 bxc4 18. Nd4 Rb8 19. b3 Qe5 20. Nf3 Qxe4 21.
Rae1 cxb3 22. axb3 Qb4 23. Qe3 Qc3 24. Qa7 Bb7 25. Bxa6 Bxa6 26. Qxa6 Qxc2 27.
Qa7 Qxb3 28. Qxd7 Rfd8 29. Qa7 Qb6 30. Qxb6 Rxb6 31. Ne5 Bxe5 32. Rxe5 Rbd6
{Game drawn by mutual agreement} 1/2-1/2

[Event "Team 45 45 League T25"]
[Site "Internet Chess Club"]
[Date "2004.12.11"]
[Round "1"]
[White "NineMilly"]
[Black "SeanT"]
[Result "0-1"]
[WhiteElo "1240"]
[BlackElo "1306"]
[TimeControl "2700+45"]

1. d4 d5 2. Nc3 Nf6 3. Nf3 c6 4. Qd3 g6 5. Bf4 Bf5 6. Qd2 Bg7 7. Be5 Nbd7 8.
O-O-O Nb6 9. e3 Nc4 10. Bxc4 dxc4 11. h3 O-O 12. Ng5 Bh6 13. Bxf6 exf6 14. Nf3
b5 15. Kb1 Be6 16. Qe2 Bd5 17. e4 Re8 18. Rhe1 b4 19. Nxd5 cxd5 20. e5 a5 21. b3
c3 22. Qb5 Rb8 23. Qc6 Re6 24. Qa4 Ra8 25. exf6 Rxe1 26. Rxe1 Qxf6 27. Re8+ Rxe8
28. Qxe8+ Bf8 29. Qb5 Qd8 30. Ne5 Bg7 31. f4 Bh6 32. Qb7 Qf6 33. Qxd5 Bxf4 34.
Qxa5 Bxe5 35. dxe5 Qf1# {White checkmated} 0-1

[Event "Team 45 45 League T25"]
[Site "Internet Chess Club"]
[Date "2004.12.11"]
[Round "1"]
[White "mjallen66"]
[Black "SandiaCaveMan"]
[Result "0-1"]
[WhiteElo "1172"]
[BlackElo "1297"]
[TimeControl "2700+45"]

1. d4 d5 2. c4 dxc4 3. Nc3 Bd7 4. e4 b5 5. a4 e6 6. axb5 Bb4 7. Qa4 a5 8. Bxc4
Qf6 9. Nf3 h6 10. Qc2 Qg6 11. O-O Ne7 12. b3 O-O 13. Re1 f5 14. exf5 Nxf5 15.
Ba3 Bxc3 16. Qxc3 Rf6 17. Ne5 Qg5 18. Nxd7 Nxd7 19. Bxe6+ Kh7 20. Bxd7 Rd8 21.
Qxc7 Rg6 22. Re5 Qxg2# {White checkmated} 0-1

[Event "Team 45 45 League T25"]
[Site "Internet Chess Club"]
[Date "2004.12.12"]
[Round "1"]
[White "Tom45"]
[Black "chesskel"]
[Result "1-0"]
[WhiteElo "1202"]
[BlackElo "1220"]
[TimeControl "2700+45"]

1. e4 e5 2. Nf3 Nc6 3. Nc3 Nf6 4. Bc4 Bb4 5. Ng5 O-O 6. Nf3 Ne7 7. Nxe5 d6 8.
Nf3 Nxe4 9. Nxe4 d5 10. c3 Ba5 11. b4 Bb6 12. d4 dxc4 13. O-O Bg4 14. Qe2 Be6
15. Be3 f6 16. Rfd1 c6 17. a3 Nd5 18. Rac1 Ne7 19. Nc5 Bxc5 20. dxc5 Qe8 21. h3
Qg6 22. Kh2 b5 23. cxb6 axb6 24. Bxb6 Bf7 25. Qxe7 Rae8 26. Qb7 f5 27. Bc5 Rb8
28. Qd7 Rfd8 29. Qc7 Qf6 30. Rxd8+ Qxd8 31. Qxd8+ Rxd8 32. Re1 Ra8 33. Ng5 Rxa3
34. Nxf7 Kxf7 35. Re7+ Kf6 36. Re3 Kf7 37. b5 cxb5 38. Bxa3 {Black resigns} 1-0

[Event "Team 45 45 League T25"]
[Site "Internet Chess Club"]
[Date "2004.12.12"]
[Round "1"]
[White "fernbap"]
[Black "az2112"]
[Result "1/2-1/2"]
[WhiteElo "1742"]
[BlackElo "1712"]
[TimeControl "2700+45"]

1. Nf3 Nf6 2. c4 c5 3. g3 g6 4. Bg2 Bg7 5. O-O O-O 6. Nc3 Nc6 7. d3 d6 8. a3 Bd7
9. Rb1 Qc8 10. Ng5 h6 11. Nge4 Nxe4 12. Nxe4 Bh3 13. b4 Bxg2 14. Kxg2 cxb4 15.
axb4 b6 16. b5 Nd4 17. e3 Ne6 18. Qb3 Qb7 19. Kg1 Nc5 20. Nxc5 bxc5 21. Bd2 Qb6
22. Qa4 a6 23. Ba5 axb5 24. Rxb5 Qc6 25. Qb3 h5 26. Bc3 Bxc3 27. Qxc3 Rfb8 28.
Rfb1 Rxb5 29. cxb5 Qb6 30. h4 Rb8 31. Qc4 Qa7 32. Kf1 Rb6 33. d4 cxd4 34. exd4
Qb7 35. d5 e6 36. dxe6 Qh1+ 37. Ke2 Qxb1 38. exf7+ Kf8 39. Qc8+ Kxf7 40. Qc7+
Ke6 41. Qxb6 Qc2+ 42. Kf3 Qc5 43. Qxc5 dxc5 44. b6 Kd6 45. b7 Kc7 46. Ke4 Kxb7
47. Kd5 Kb6 48. Kc4 Kc6 49. f3 Kd6 50. g4 hxg4 51. fxg4 Ke5 52. Kxc5 Kf4 53. h5
gxh5 54. gxh5 Kg5 {Game drawn by mutual agreement} 1/2-1/2

[Event "Team 45 45 League T25"]
[Site "Internet Chess Club"]
[Date "2004.12.11"]
[Round "1"]
[White "GadsHill"]
[Black "kevinfons"]
[Result "1-0"]
[WhiteElo "1589"]
[BlackElo "1527"]
[TimeControl "2700+45"]

1. d4 d5 2. c4 e6 3. Nc3 c5 4. cxd5 exd5 5. Nf3 cxd4 6. Nxd4 Nf6 7. Bg5 Be7 8.
e3 O-O 9. Be2 Nc6 10. Nf3 h6 11. Bf4 a6 12. O-O Be6 13. Re1 Ne4 14. Rc1 Rc8 15.
a3 Nxc3 16. Rxc3 Bf6 17. Rd3 Bxb2 18. Qb3 Bf6 19. Qxb7 a5 20. Red1 Qe7 21. Qxe7
Nxe7 22. Bd6 Rfe8 23. Bxe7 Rxe7 24. Nd4 Rec7 25. Nxe6 fxe6 26. g3 Kf7 27. Rb3
Kg6 28. Bb5 Rc1 29. Rxc1 Rxc1+ 30. Kg2 Rc2 31. a4 Bc3 32. Bd3+ {Black resigns}
1-0

[Event "Team 45 45 League T25"]
[Site "Internet Chess Club"]
[Date "2004.12.10"]
[Round "1"]
[White "JesterFox"]
[Black "dondel"]
[Result "0-1"]
[WhiteElo "1507"]
[BlackElo "1685"]
[TimeControl "2700+45"]

1. d4 d5 2. c4 e6 3. Nc3 c5 4. e3 cxd4 5. exd4 dxc4 6. Bxc4 Bd6 7. Nf3 Nf6 8.
O-O Nc6 9. Re1 O-O 10. Be3 Bd7 11. d5 Na5 12. Be2 Qc7 13. dxe6 fxe6 14. Nd4
Bxh2+ 15. Kh1 Be5 16. Rc1 Nc4 17. Ncb5 Nxe3 18. fxe3 Qb6 19. a4 a6 20. Na3 Bg3
21. Rf1 e5 22. Nb3 Bxa4 23. Bc4+ Kh8 24. Rf3 Ne4 {White resigns} 0-1

[Event "Team 45 45 League T25"]
[Site "Internet Chess Club"]
[Date "2004.12.11"]
[Round "1"]
[White "rgadoury"]
[Black "Traho"]
[Result "0-1"]
[WhiteElo "1434"]
[BlackElo "1378"]
[TimeControl "2700+45"]

1. d4 Nf6 2. c4 g6 3. Nc3 Bg7 4. e4 d6 5. Nf3 O-O 6. Be2 c5 7. d5 a5 8. a4 Na6
9. O-O Nb4 10. Rb1 Qc7 11. Be3 Bd7 12. Nd2 Rfe8 13. h3 e6 14. Nb5 Bxb5 15. cxb5
exd5 16. exd5 Nfxd5 17. Qb3 Nxe3 18. fxe3 Bh6 19. Rf3 Qe7 20. Nf1 d5 21. Rd1
Rad8 22. Kh1 d4 23. Bc4 Rf8 24. exd4 Rxd4 25. Rxd4 cxd4 26. Qd1 Bg7 27. Nd2 b6
28. Nb3 Qc7 29. Qe2 Qe5 30. Bxf7+ Rxf7 31. Rxf7 Kxf7 32. Qc4+ Kf6 33. Qf1+ Qf5
34. Qf3 Qxf3 35. gxf3 Kf5 36. Kg2 Kf4 37. Nd2 Nc2 38. b3 d3 39. Nc4 Nb4 40. h4
Nd5 41. Nd2 Ke3 42. Nc4+ Ke2 43. Kg3 d2 44. Nxd2 Kxd2 45. Kg4 {White resigns}
0-1

[Event "Team 45 45 League T25"]
[Site "Internet Chess Club"]
[Date "2004.12.12"]
[Round "1"]
[White "Calculator30"]
[Black "hondocando"]
[Result "0-1"]
[WhiteElo "1613"]
[BlackElo "1632"]
[TimeControl "2700+45"]

1. e4 e6 2. d4 d5 3. Nc3 dxe4 4. Nxe4 Nf6 5. Nxf6+ Qxf6 6. Nf3 h6 7. Bc4 Bb4+ 8.
Bd2 Bxd2+ 9. Qxd2 O-O 10. O-O b6 11. Rab1 Bb7 12. Ne5 Rd8 13. c3 Qxe5 14. Bd3
Qg5 15. Qxg5 hxg5 16. Rbe1 Ba6 17. Re3 Bxd3 18. Rxd3 c5 19. Rfd1 cxd4 20. Rg3 f6
21. Rg4 e5 22. cxd4 exd4 23. Rgxd4 Rxd4 24. Rxd4 Nc6 25. Rc4 Ne7 26. g4 Rc8 27.
Re4 Kf7 28. b4 Rc1+ 29. Kg2 Rc2 30. a4 Nd5 31. Rd4 Ke6 32. Re4+ Kd6 33. a5 b5
34. Kg3 Rc4 35. Rxc4 bxc4 36. b5 c3 37. b6 axb6 38. a6 c2 39. a7 Nc7 {White
resigns} 0-1

[Event "Team 45 45 League T25"]
[Site "Internet Chess Club"]
[Date "2004.12.12"]
[Round "1"]
[White "foodfight"]
[Black "qs16"]
[Result "0-1"]
[WhiteElo "1628"]
[BlackElo "1645"]
[TimeControl "2700+45"]

1. d4 Nf6 2. c4 e6 3. g3 Nc6 4. Nf3 d5 5. Bg2 b6 6. O-O Bb7 7. Qc2 Be7 8. cxd5
Nxd5 9. Rd1 O-O 10. e4 Ncb4 11. Qe2 Nf6 12. a3 Ba6 13. Qe1 Nc2 14. Qc3 Nxa1 15.
Ne5 Bb7 16. b4 Bxe4 17. Qxa1 Bxg2 18. Kxg2 Qd5+ 19. f3 Bd6 20. Bf4 Bxe5 21. Nc3
Qb3 22. Bxe5 Nd5 23. Nxd5 exd5 24. Qc1 Rac8 25. Bxg7 Rfe8 26. Qg5 Qc2+ 27. Kh3
Qg6 {White resigns} 0-1

[Event "Team 45 45 League T25"]
[Site "Internet Chess Club"]
[Date "2004.12.12"]
[Round "1"]
[White "bubbarook"]
[Black "pompboy"]
[Result "0-1"]
[WhiteElo "1311"]
[BlackElo "1574"]
[TimeControl "2700+45"]

1. e4 d5 2. exd5 Nf6 3. Nf3 Nxd5 4. c4 Nb6 5. d4 Bg4 6. Be3 Nc6 7. d5 Ne5 8.
Nbd2 g6 9. Bd4 Bg7 10. Qb3 Nxf3+ 11. Nxf3 Bxd4 12. Nxd4 O-O 13. Be2 Bxe2 14.
Nxe2 c6 15. dxc6 bxc6 16. Rd1 Qc7 17. O-O Rad8 18. Rxd8 Rxd8 19. c5 Nd5 20. Qg3
Qa5 21. f4 Qxc5+ 22. Kh1 Qc2 23. f5 Qxe2 {White resigns} 0-1

[Event "Team 45 45 League T25"]
[Site "Internet Chess Club"]
[Date "2004.12.11"]
[Round "1"]
[White "Loco-Motif"]
[Black "NFK"]
[Result "1-0"]
[WhiteElo "1858"]
[BlackElo "1721"]
[TimeControl "2700+45"]

1. d4 Nf6 2. c4 c5 3. d5 b5 4. Nf3 Bb7 5. a4 a6 6. axb5 axb5 7. Rxa8 Bxa8 8. Nc3
b4 9. Nb5 Qb6 10. Qa4 Na6 11. Qxa6 Qxa6 12. Nc7+ Kd8 13. Nxa6 d6 14. Ng5 Kd7 15.
Be3 Kc8 16. b3 h6 17. Nxf7 Rg8 18. Nxc5 dxc5 19. Bxc5 e5 20. Bxf8 Rxf8 21. Nxe5
Nxd5 22. cxd5 Bxd5 23. Nd3 Bxb3 24. Nxb4 Rd8 25. Nd3 Kc7 26. g3 Ra8 27. Bg2 Ra1+
28. Kd2 Rxh1 29. Bxh1 Kd6 30. Kc3 Bf7 31. Kd4 g5 32. f4 Bh5 33. Bf3 Be8 34. e4
gxf4 35. gxf4 Ba4 36. e5+ Ke7 37. Nc5 Bc2 38. Be4 Bd1 39. f5 Bg4 40. f6+ Kf7 41.
Bd5+ {Black resigns} 1-0

[Event "Team 45 45 League T25"]
[Site "Internet Chess Club"]
[Date "2004.12.11"]
[Round "1"]
[White "Egmont"]
[Black "mickeys"]
[Result "1-0"]
[WhiteElo "1714"]
[BlackElo "1694"]
[TimeControl "2700+45"]

1. e4 c5 2. Nf3 d6 3. d4 cxd4 4. Nxd4 Nf6 5. Nc3 a6 6. Bc4 e6 7. Bb3 Nbd7 8.
Bxe6 fxe6 9. Nxe6 Qb6 10. Be3 Qc6 11. Nd5 b5 12. Nec7+ Kf7 13. Nxa8 Qxa8 14.
Nxf6 Nxf6 15. f3 Be6 16. O-O d5 17. exd5 Nxd5 18. Bd4 Qc6 19. Re1 Bb4 20. c3 Ba5
21. Qd3 h5 22. Re5 Bc7 23. Rg5 Nf6 24. Qg6+ {Black resigns} 1-0

[Event "Team 45 45 League T25"]
[Site "Internet Chess Club"]
[Date "2004.12.11"]
[Round "1"]
[White "Rookmaster"]
[Black "SkatingBishop"]
[Result "1-0"]
[WhiteElo "1770"]
[BlackElo "1688"]
[TimeControl "2700+45"]

1. e4 d6 2. d4 Nf6 3. Nc3 g6 4. f4 Bg7 5. Nf3 O-O 6. Be3 b6 7. e5 Ng4 8. Bg1 Bb7
9. h3 Nh6 10. Bc4 Nf5 11. d5 Nd7 12. e6 fxe6 13. dxe6 Bxf3 14. exd7+ d5 15.
Bxd5+ Bxd5 16. Qxd5+ Kh8 17. O-O-O Nd6 18. g4 Qxd7 19. Bh2 Rae8 20. Rhf1 e6 21.
Qd3 Qc6 22. Qf3 Qxf3 23. Rxf3 e5 24. Nd5 c6 25. Nc7 Re7 26. Rxd6 Rxc7 27. f5
gxf5 28. gxf5 e4 29. Rf1 Rcf7 30. Rxc6 Rxf5 31. Rxf5 Rxf5 32. Rc8+ Bf8 33. Bd6
Kg7 34. Rxf8 Rxf8 35. Bxf8+ Kxf8 36. Kd2 Ke7 37. Ke3 Ke6 38. Kxe4 h6 39. a4 a5
40. c3 Kd6 41. b4 Ke6 42. bxa5 bxa5 43. c4 Kd6 44. Kd4 Kc6 45. c5 Kc7 46. Kd5
Kd7 47. c6+ Kc7 48. Kc5 Kc8 49. Kb6 Kb8 50. Kxa5 Kc7 51. Kb5 {Black resigns} 1-0

[Event "Team 45 45 League T25"]
[Site "Internet Chess Club"]
[Date "2004.12.12"]
[Round "1"]
[White "chinta"]
[Black "Kingofknights"]
[Result "1-0"]
[WhiteElo "1579"]
[BlackElo "1674"]
[TimeControl "2700+45"]

1. e4 c6 2. f4 d5 3. e5 f5 4. d4 e6 5. Nf3 b6 6. Be2 c5 7. Be3 Nc6 8. c3 Nh6 9.
h3 Nf7 10. O-O Be7 11. Nbd2 c4 12. b4 b5 13. a4 Bd7 14. a5 a6 15. Nh2 Nxb4 16.
cxb4 Bxb4 17. Nb1 Bxa5 18. Bd2 Bxd2 19. Nxd2 Qb6 20. Ndf3 b4 21. g4 Ke7 22. gxf5
exf5 23. Ng5 Nxg5 24. fxg5 g6 25. Bf3 Ke6 26. Bg2 a5 27. Ng4 Bc6 28. Ne3 Ra7 29.
Kh2 a4 30. Nxc4 dxc4 31. d5+ Bxd5 32. Bxd5+ Ke7 33. Bxc4 Rd8 34. Qe1 Qc5 35. Qh4
Qxe5+ 36. Kh1 Qe4+ 37. Qxe4+ fxe4 38. Rf7+ Ke8 39. Rxa7 Rd4 40. Bb5+ Kd8 41. Rf1
{Black resigns} 1-0

[Event "Team 45 45 League T25"]
[Site "Internet Chess Club"]
[Date "2004.12.11"]
[Round "1"]
[White "trikmamak"]
[Black "camembert"]
[Result "1-0"]
[WhiteElo "2272"]
[BlackElo "1851"]
[TimeControl "2700+45"]

1. e4 e5 2. Bc4 Nf6 3. d3 c6 4. Nf3 d5 5. exd5 cxd5 6. Bb3 Bb4+ 7. c3 Bd6 8. Bg5
Be6 9. Qe2 Nc6 10. Nbd2 O-O 11. O-O a6 12. Rfe1 Re8 13. h3 Rc8 14. Nf1 Bc7 15.
Ne3 d4 16. Bxe6 Rxe6 17. Ng4 Qd6 18. Bxf6 gxf6 19. Nh6+ Kf8 20. Qe4 Ke8 21. Qxh7
Qf8 22. Re4 dxc3 23. bxc3 Ba5 24. Rb1 Rc7 25. Rb3 Qc5 26. d4 exd4 27. Qg8+ Qf8
28. Rxe6+ fxe6 29. Qxe6+ Re7 30. Qc8+ Nd8 31. Ng4 f5 32. Nge5 Rc7 33. Qb8 dxc3
34. Nd3 c2 35. Nc1 Qf6 36. Re3+ Kf7 37. Ne5+ Kg7 38. Ned3 Re7 39. Qg3+ Kf8 40.
Rxe7 Qxe7 41. Qf4 Qe4 42. f3 Qxf4 43. Nxf4 Nc6 44. Kf1 Kf7 45. Ke2 Nd4+ 46. Kd3
Bb6 47. Nfe2 Nxe2 48. Nxe2 Kg6 49. Kxc2 Bc7 50. Kd3 Kg5 51. Kd4 Bd6 52. Kd5 Bb4
53. f4+ Kf6 54. g4 fxg4 55. hxg4 Ba3 56. Nc3 Bc1 57. Ne4+ Kg7 58. f5 Be3 59. Ke6
b5 60. Ke7 Bd4 61. g5 Bb2 62. f6+ Kg6 63. Ke6 a5 64. f7 Ba3 65. Nc3 Kxg5 66.
Nxb5 Kg6 67. Nxa3 {Black resigns} 1-0

[Event "Team 45 45 League T25"]
[Site "Internet Chess Club"]
[Date "2004.12.09"]
[Round "1"]
[White "forquesato"]
[Black "GameMaster"]
[Result "1-0"]
[WhiteElo "1750"]
[BlackElo "1619"]
[TimeControl "2700+45"]

1. e4 c5 2. Nf3 d6 3. d4 cxd4 4. Nxd4 Nf6 5. Nc3 g6 6. Be2 Bg7 7. Be3 O-O 8. O-O
Bd7 9. f4 Nc6 10. f5 Nxd4 11. Bxd4 Qa5 12. fxg6 fxg6 13. a3 Qg5 14. Rf3 Bg4 15.
Be3 Qh5 16. Rxf6 Bxf6 17. Bxg4 Qa5 18. Qd5+ Qxd5 19. exd5 Be5 20. Rd1 a6 21. Bd4
Bxd4+ 22. Rxd4 Rf6 23. Rc4 Raf8 24. Bf3 g5 25. h3 b5 26. Re4 R6f7 27. Ne2 Rg7
28. Nd4 Rf4 29. Rxf4 gxf4 30. Ne6 Rf7 31. Nc7 e6 32. Nxa6 e5 33. Be4 Rg7 34. Kf2
Ra7 35. Nb4 h5 36. Kf3 Rg7 37. Kf2 h4 38. Na2 Rc7 39. Nc3 b4 40. axb4 Rc4 41. b5
Rb4 42. b3 Kf8 43. Kf3 Kg7 44. Kg4 Kh6 45. Kxh4 Rd4 46. Kg4 Rb4 47. Kf5 Kh5 48.
Ke6 {Black resigns} 1-0

[Event "Team 45 45 League T25"]
[Site "Internet Chess Club"]
[Date "2004.12.10"]
[Round "1"]
[White "nursey"]
[Black "swingdoc"]
[Result "1-0"]
[WhiteElo "1652"]
[BlackElo "1635"]
[TimeControl "2700+45"]

1. e4 d5 2. exd5 Nf6 3. d4 Bg4 4. f3 Bf5 5. c4 e6 6. Qb3 Qc8 7. dxe6 Nc6 8. d5
Nb4 9. exf7+ Kxf7 10. Na3 Bc5 11. Ne2 Nd3+ 12. Kd2 Nf2 13. Rg1 N2e4+ 14. fxe4
Nxe4+ 15. Ke1 Bxg1 16. Nxg1 Re8 17. Be3 Nc5 18. Qc3 Nd3+ 19. Kd2 Rxe3 20. Kxe3
Qe8+ 21. Kd2 Nf2 22. Kc1 Qa4 23. Qf3 Kg8 24. Qxf2 Rf8 25. Nf3 g5 26. Nxg5 Re8
27. Qxf5 Re1+ 28. Kd2 Qb4+ 29. Kc2 {Black resigns} 1-0

[Event "Team 45 45 League T25"]
[Site "Internet Chess Club"]
[Date "2004.12.09"]
[Round "1"]
[White "Rainbird"]
[Black "mal57"]
[Result "1-0"]
[WhiteElo "1642"]
[BlackElo "1426"]
[TimeControl "2700+45"]

1. Nf3 b6 2. g3 Bb7 3. Bg2 e6 4. c4 c5 5. Nc3 Be7 6. O-O Nf6 7. d3 Nc6 8. e3 Qb8
9. e4 d6 10. Bf4 e5 11. Bg5 h6 12. Be3 Nd4 13. Nd5 Bd8 14. Nxd4 cxd4 15. Bc1 O-O
16. b3 b5 17. Ba3 Nxd5 18. exd5 bxc4 19. bxc4 Bb6 20. f4 Re8 21. f5 Bc8 22. f6
Bd8 23. fxg7 Kxg7 24. Qh5 Rf8 25. Rf2 Bd7 26. Raf1 f6 27. Be4 Be8 28. Qg4+ Kh8
29. Qf5 Rf7 30. Qg6 Bd7 31. Qxf7 {Black resigns} 1-0

[Event "Team 45 45 League T25"]
[Site "Internet Chess Club"]
[Date "2004.12.11"]
[Round "1"]
[White "softbunney"]
[Black "trikmamak"]
[Result "0-1"]
[WhiteElo "2266"]
[BlackElo "2288"]
[TimeControl "2700+45"]

1. d4 f5 2. g3 d5 3. Bg2 e6 4. Nf3 c6 5. O-O Bd6 6. Ne5 Nf6 7. c4 O-O 8. Bg5
Nbd7 9. Nxd7 Bxd7 10. Bxf6 Qxf6 11. c5 Bc7 12. f4 g5 13. e3 g4 14. Nd2 Rae8 15.
b4 Re7 16. Kf2 Rg7 17. Nb3 h5 18. Nc1 h4 19. Re1 Rh7 20. Nd3 Kf7 21. Ne5+ Ke7
22. a4 Rfh8 23. Qd3 Rb8 24. b5 Rhh8 25. a5 cxb5 26. Nxd7 Kxd7 27. Qxb5+ Ke7 28.
c6 b6 29. Qa6 bxa5 30. Qxa7 Rhc8 31. Reb1 Rxb1 32. Rxb1 Kd8 33. Rb7 Qe7 34. Bf1
h3 35. Rb3 Qd6 36. Qa6 Qe7 37. Qa7 Qd6 38. Qa6 Qf8 39. Ke1 Ke7 40. Rb7 Kf6 41.
Qa7 Ra8 42. Qc5 Bd6 43. Qc2 a4 44. Qa2 a3 45. Bb5 Qd8 46. Ke2 Qa5 47. Bd3 Rc8
48. c7 Bxc7 49. Rb5 Qa7 50. Rc5 Rb8 51. Rc2 Bd6 52. Qa1 Rb3 53. Ra2 Bb4 54. Qc1
Rxd3 55. Kxd3 Qa6+ 56. Kc2 Qc4+ 57. Kb1 Qb3+ 58. Rb2 Qxb2+ {White resigns} 0-1